 Dungeon Crawl Stone Soup version 0.30-a0-918-g0ff054e9dc (webtiles) character file.

Game seed: 13978911666027486267

2170 jimonade the Thaumaturge (level 9, -2/58 HPs)
             Began as a Djinni Warper on Mar 21, 2023.
             Was a Believer of Okawaru.
             Killed by divine providence
             ... invoked by an orc priest
              (16 damage)
             ... on level 6 of the Dungeon.
             The game lasted 00:14:01 (6553 turns).

jimonade the Thaumaturge (Djinni Warper)            Turns: 6553, Time: 00:14:01

Health: -2/58      AC: 11    Str: 14    XL:     9   Next: 58%
Gold:   238        EV: 12    Int: 21    God:    Okawaru [**....] SH:  5 Dex: 13

rFire   + + .      SeeInvis .    a - +1 dagger (venom)
rCold   . . .      Faith    .    (no shield)
rNeg    . . .      Spirit   .    E - +3 leather armour {rC+}
rPois   ∞          Reflect  +    (no helmet)
rElec   .          Rampage  .    s - +0 cloak
rCorr   .                        (no gloves)
Will    .....                    (boots unavailable)
Stlth   +                        l - amulet of reflection
HPRegen 0.29/turn                v - +4 ring of protection
MPRegen 0.00/turn                b - +6 ring of intelligence

@: flying
A: sickness immunity, fire resistance 2, cold vulnerability 1, float, innate
caster, HP casting, extra vitality 1
a: Renounce Religion, Heroism


You were on level 6 of the Dungeon.
You worshipped Okawaru.
Okawaru was pleased with you.
You visited 2 branches of the dungeon, and saw 7 of its levels.

You collected 238 gold pieces.

Inventory:

Hand Weapons
 a - a +1 dagger of venom (weapon)
 e - a +0 antimagic whip
 m - a +1 dire flail of protection
 x - a +2 flail of holy wrath
 C - a +0 dagger of protection
 D - a +2 broad axe of distortion
Missiles
 d - 7 boomerangs of dispersal
 p - 11 poisoned darts
Armour
 s - a +0 cloak (worn)
 E - a +3 leather armour of cold resistance (worn)
 F - +0 steam dragon scales
 G - a +2 robe of the Archmagi
Magical Staves
 i - a staff of earth
Jewellery
 b - a +6 ring of intelligence (right hand)
 l - an amulet of reflection (around neck)
 v - a +4 ring of protection (left hand)
Wands
 r - a wand of paralysis (11)
 y - a wand of mindburst (15)
 B - a wand of roots (7)
Scrolls
 c - a scroll of blinking
 f - 3 scrolls of fear {unknown}
 g - a scroll of torment {unknown}
 h - 3 scrolls of enchant weapon
 j - a scroll of vulnerability {unknown}
 q - a scroll of teleportation {unknown}
 w - a scroll of brand weapon {unknown}
Potions
 k - 4 potions of curing
 n - a potion of resistance
 o - a potion of cancellation
 t - a potion of invisibility
 u - a potion of brilliance {unknown}
 z - a potion of might {unknown}
 A - a potion of heal wounds {unknown}


   Skills:
 - Level 2.0 Fighting
 - Level 1.5 Polearms
 - Level 0.7 Throwing
 - Level 1.0 Armour
 - Level 2.1 Dodging
 + Level 9.7 Spellcasting


You knew the following spells:

 Your Spells              Type           Power      Damage    Failure   Level
a - Blink                 Tloc           100%       N/A       1%          2
b - Lesser Beckoning      Tloc           100%       N/A       1%          2
c - Vhi's Electric Charg  Tloc/Air       100%       N/A       1%          3
d - Teleport Other        Tloc           50%        N/A       1%          3
e - Manifold Assault      Tloc           50%        N/A       1%          4
f - Foxfire               Conj/Fire      100%       2x1d9     1%          1
g - Passwall              Tmut/Erth      41%        N/A       1%          2
h - Hailstorm             Conj/Ice       50%        3d11      1%          3
i - Cause Fear            Hex            25%        N/A       1%          4
Your spell library was empty.

Dungeon Overview and Level Annotations

Branches:
Dungeon (6/15)             Temple (1/1) D:4

Altars:
Cheibriados
Dithmenos
Elyvilon
Fedhas
Gozag
Makhleb
Okawaru
Ru
Trog
Yredelemnul
Zin
The Shining One

Shops:
D:4 **=(   D:6 :


Innate Abilities, Weirdness & Mutations

You are immune to sickness and miasma.
You are immune to poison.
Your flesh is very heat resistant. (rF++)
You are vulnerable to cold. (rC-)
You float through the air rather than walking.
You learn spells naturally, not from books.
Your magical power is your life essence.
You have superior vitality. (+4 MHP)


Message History

The orc wizard is heavily wounded.
The orc wizard points at you and mumbles some strange words.
You easily resist.
The orc priest mumbles some strange prayers to Beogh against you.
Beogh smites you!
You hit the orc wizard.
The orc wizard looks as sick as possible!
The orc wizard is almost dead.
The orc wizard gestures wildly while chanting.
The orc wizard flickers and vanishes!
Deactivating autopickup; reactivate with Ctrl-A.
The orc priest hits you from afar with a +0 trident.
You hit something but do no damage. Okawaru accepts your kill.
Reactivating autopickup.
You feel a bit more experienced. You block the orc priest's attack.
The orc priest barely misses you.
You closely miss the orc priest. The hound barely misses you.
The orc priest invokes the aid of Beogh against you.
Beogh smites you!
* * * LOW HITPOINT WARNING * * *
The hound bites you but does no damage. You block the orc priest's attack.
You hit the orc priest.
The orc priest is poisoned.
The orc priest is moderately wounded.
The hound barely misses you. The orc priest completely misses you.
The orc priest barely misses you.
You closely miss the orc priest.
The orc priest is heavily wounded.
The hound misses you. You block the orc priest's attack.
The hound bites you but does no damage.
The orc priest hits you but does no damage.
Casting: Foxfire (safe; 1% risk of failure)
Confirm with . or Enter, or press ? or * to list all spells.
You blink.
An orc comes into view. It is wielding a +0 short sword.
The orc shouts!
* * * LOW HITPOINT WARNING * * *
The orc priest invokes the aid of Beogh against you.
Beogh smites you!
You die...

)........#.......#...#####.......
............._.o.............####
........o#.o.....#...............
....÷###o#.......#...####..#.###.
.....# #.##.....##.........#.# ##
.....# #o####h####.#.....###.# #.
.....# #.)o..o............##.###.
.....# #######..##+#..###.##.#...
.....# #...@.....# #.##.#.#.
.....# #.........# #....#...
.....# #........####......#.
.....# #........#...........
.....# #......>##.###.#<##.#
.....# #.......##.#.........
.....# #.................#..
###### #.............######.
#######.......#......


You could see a hound, an orc priest (very poisoned) and an orc.

Vanquished Creatures
  Maggie (D:6)
  Sigmund (D:6)
  Eustachio (D:5)
  Menkaure (D:5)
  Edmund (D:5)
  Duvessa (D:5)
  A water moccasin (D:5)
  An ice beast (D:5)
  A phantom (D:4)
  Blork the orc (D:6)
  A bullfrog (D:6)
  3 scorpions
  Dowan (D:5)
  A howler monkey (D:4)
  A hound (D:5)
  3 jellies
  An orc priest (D:5)
  Jessica (D:2)
  3 iguanas
  Ijyb (D:5)
  Natasha (thrice) (D:2)
  An orc wizard (D:6)
  7 adders
  An ufetubus (D:4)
  5 worms
  3 dart slugs
  10 orcs
  9 ball pythons
  8 endoplasms
  4 giant cockroaches
  8 goblins
  11 hobgoblins
  18 jackals
  A quokka (D:3)
  7 bats
  2 frilled lizards
  9 kobolds
  4 rats
137 creatures vanquished.

Vanquished Creatures (collateral kills)
  3 foxfires (D:1)
3 creatures vanquished.

Vanquished Creatures (others)
  340 foxfires
  2 plants (D:1)
342 creatures vanquished.

Grand Total: 482 creatures vanquished

Notes
Turn   | Place    | Note
-------+----------+-------------------------------------------
     0 | D:1      | jimonade the Djinni Warper began the quest for the Orb.
     0 | D:1      | jimonade set off with the following spells memorised:
                  | Blink, Lesser Beckoning, Vhi's Electric Charge, Teleport
                  | Other, Manifold Assault.
     0 | D:1      | Reached XP level 1. HP: 18/18 MP: 0/0
   218 | D:1      | Reached XP level 2. HP: 8/23 MP: 0/0
   598 | D:1      | Reached skill level 3 in Spellcasting
   752 | D:1      | Reached XP level 3. HP: 23/28 MP: 0/0
   752 | D:1      | Learned a level 1 spell: Foxfire
  1187 | D:2      | Found a bloodstained altar of Trog.
  1292 | D:2      | Reached XP level 4. HP: 32/33 MP: 0/0
  1381 | D:2      | Noticed Natasha
  1393 | D:2      | Killed Natasha
  1458 | D:2      | Reached skill level 4 in Spellcasting
  1508 | D:2      | Noticed Jessica
  1516 | D:2      | Killed Jessica
  1517 | D:2      | Reached XP level 5. HP: 29/38 MP: 0/0
  1517 | D:2      | Learned a level 2 spell: Passwall
  2134 | D:2      | Noticed Natasha
  2145 | D:2      | Killed Natasha
  2236 | D:2      | Noticed Natasha
  2242 | D:2      | Killed Natasha
  2557 | D:3      | Reached XP level 6. HP: 41/43 MP: 0/0
  2708 | D:3      | Reached skill level 5 in Spellcasting
  3363 | D:4      | Found Erofamm's Jewellery Boutique.
  3363 | D:4      | Found Ibin's Antique Weapon Boutique.
  3370 | D:4      | Found Fayduw's Assorted Antiques.
  3370 | D:4      | Found Duroruyl's General Store.
  3391 | D:4      | Reached XP level 7. HP: 35/49 MP: 0/0
  3391 | D:4      | Learned a level 3 spell: Hailstorm
  3606 | D:4      | Found a staircase to the Ecumenical Temple.
  3640 | D:4      | Reached skill level 6 in Spellcasting
  3751 | Temple   | Entered the Ecumenical Temple
  3819 | Temple   | Became a worshipper of Warmaster Okawaru
  4023 | D:4      | Found a snail-covered altar of Cheibriados.
  4545 | D:5      | Entered Level 5 of the Dungeon
  4572 | D:5      | Noticed Edmund
  4596 | D:5      | Killed Edmund
  4762 | D:5      | Noticed Eustachio
  4795 | D:5      | Killed Eustachio
  4795 | D:5      | Reached * piety under Okawaru
  4796 | D:5      | Reached skill level 7 in Spellcasting
  4796 | D:5      | Reached XP level 8. HP: 39/54 MP: 0/0
  5210 | D:5      | Noticed Menkaure
  5213 | D:5      | Killed Menkaure
  5218 | D:5      | Reached ** piety under Okawaru
  5219 | D:5      | Reached skill level 8 in Spellcasting
  5298 | D:5      | Noticed Ijyb
  5315 | D:5      | Killed Ijyb
  5478 | D:6      | Noticed Duvessa
  5478 | D:6      | Noticed Dowan
  5496 | D:5      | Killed Duvessa
  5497 | D:5      | Reached XP level 9. HP: 4/58 MP: 0/0
  5497 | D:5      | Learned a level 4 spell: Cause Fear
  5718 | D:5      | Killed Dowan
  5985 | D:6      | Found a sacrificial altar of Ru.
  6003 | D:6      | Noticed Blork the orc
  6035 | D:6      | Killed Blork the orc
  6175 | D:6      | Found Akhoof's Book Shop.
  6270 | D:6      | Reached skill level 9 in Spellcasting
  6334 | D:6      | Noticed Maggie
  6352 | D:6      | Killed Maggie
  6510 | D:6      | Noticed Sigmund
  6526 | D:6      | Killed Sigmund
  6553 | D:6      | Killed from afar by an orc priest

Illustrated notes

Levels and vault maps discovered:
D:1:      dpeg_arrival_water_fire, layout_loops_ring, serial_bayou_crossing
D:2:      layout_loops_corners, basic_altar, minmay_misc_feat_pillars,
          uniq_jessica, uniq_natasha
D:3:      layout_loops_corners
D:4:      layout_loops_ring, kennysheep_slug_shrine, minmay_temple_entry_glass,
          minmay_shop_grid_forest, hangedman_minor_gate_pass
D:5:      layout_rooms, wad_floor_pattern_2, minmay_fountain_box,
          minmay_misc_feat_columns, uniq_edmund, uniq_menkaure, uniq_eustachio,
          uniq_ijyb
D:6:      layout_basic, old_standard_altar, corexii_shack,
          amcnicky_mini_pool_small, nicolae_stop_n_shop_1, minivault_24,
          uniq_sigmund, uniq_maggie, uniq_blork_the_orc, uniq_duvessa
Temple:   eino_temple_rhombus

Skill      XL: |  1  2  3  4  5  6  7  8  9 |
---------------+----------------------------+-----
Spellcasting   | 3 4 5 7 8 9 |  9.7
Fighting       | |  2.0
Polearms       | |  1.5
Throwing       | |  0.7
Armour         | |  1.0
Dodging        | |  2.1

Action                     |  1- 3 |  4- 6 |  7- 9 || total
---------------------------+-------+-------+-------++-------
  Melee: Spear             |    96 |       |       ||    96
         Dagger            |     1 |    41 |   229 ||   271
         Punch             |       |     1 |     2 ||     3
   Cast: Foxfire           |    22 |    98 |    99 ||   219
         Blink             |       |       |     4 ||     4
    Use: Scroll            |       |       |     6 ||     6
 Armour: Ring mail         |    26 |    16 |   101 ||   143
         Leather armour    |       |       |    13 ||    13
  Dodge: Dodged            |    45 |    29 |   117 ||   191
  Block: Other             |       |       |     6 ||     6

Table legend: (Time is in decaauts)
 A = Elapsed time spent in this place.
 B = Non-inter-level travel time spent in this place.
 C = Inter-level travel time spent in this place.
 D = Time resting spent in this place.
 E = Time spent auto-exploring this place.
 F = Levels seen in this place.
 G = Mean time per level.
                   A        B        C        D        E       F      G
               +--------+--------+--------+--------+--------+-----+--------+
         Total |   6555 |   6136 |    419 |    601 |   4192 |   7 |  936.4 |
       Dungeon |   6470 |   6086 |    384 |    601 |   4149 |   6 | 1078.3 |
        Temple |     84 |     49 |     35 |      0 |     43 |   1 |   84.0 |
               +--------+--------+--------+--------+--------+-----+--------+

Top non-repeatable levels by time:
     D:4: 1512 daAuts
     D:2: 1174 daAuts
     D:1: 1137 daAuts
     D:3: 1001 daAuts
     D:5: 963 daAuts
     D:6: 680 daAuts
  Temple: 84 daAuts
